 Dungeon Crawl Stone Soup version 0.26.1-11-gd32895ea62 (webtiles) character file.

Game seed: 6295814189612080051

97 Jerry the Skirmisher (level 4, -9/37 HPs)
             Began as a Demonspawn Fighter on July 1, 2021.
             Killed by divine providence
             ... invoked by an orc priest
              (13 damage)
             ... on level 3 of the Dungeon.
             The game lasted 00:03:00 (1907 turns).

Jerry the Skirmisher (Demonspawn Fighter)           Turns: 1907, Time: 00:03:01

Health: -9/37      AC: 10    Str: 18    XL:     4   Next: 42%
Magic:  4/4        EV:  9    Int:  9    God:
Gold:   71         SH:  0    Dex: 12    Spells: 3/3 levels left

rFire    x . .     SeeInvis .   a - +0 long sword
rCold    + + .     Faith    .   (no shield)
rNeg     . . .     Spirit   .   b - +0 scale mail
rPois    .         Reflect  .   (no helmet)
rElec    .         Harm     .   h - +0 cloak
rCorr    .         Rampage  .   (no gloves)
Will     .....                  (no boots)
Stlth    ..........             s - amulet of the acrobat
HPRegen  1.12/turn              q - ring of protection from cold
MPRegen  0.09/turn              u - ring of ice

@: mighty
A: slimy green scales 1, powered by death 2
a: no special abilities


You were on level 3 of the Dungeon.
You visited 1 branch of the dungeon, and saw 3 of its levels.

You collected 71 gold pieces.

Inventory:

Hand Weapons
 a - a +0 long sword (weapon)
Armour
 b - a +0 scale mail (worn)
 c - a +0 kite shield
 h - a +0 cloak (worn)
Jewellery
 q - a ring of protection from cold (left hand)
 s - an amulet of the acrobat (around neck)
 u - a ring of ice (right hand)
Scrolls
 e - 4 scrolls of identify
 f - 2 scrolls of random uselessness {unknown}
 j - a scroll of enchant weapon {unknown}
 m - 2 scrolls of teleportation {unknown}
 o - a scroll of remove curse {unknown}
 r - a scroll of fog {unknown}
 t - a scroll of magic mapping {unknown}
Potions
 d - a potion of might
 g - 2 potions of attraction {unknown}
 i - 3 potions of lignification {unknown}
 k - a potion of heal wounds {unknown}
 l - a potion of curing {unknown}
 n - 4 potions of degeneration {unknown}
 p - a potion of flight {unknown}
 v - 2 potions of brilliance {unknown}


   Skills:
 + Level 3.9 Fighting
 + Level 2.8 Long Blades
 + Level 3.5 Armour
 - Level 2.6 Shields


You had 3 spell levels left.
You didn't know any spells.
Your spell library was empty.

Dungeon Overview and Level Annotations

Branches:
Dungeon (3/15)

Altars:
Fedhas


Innate Abilities, Weirdness & Mutations

You are partially covered in slimy green scales. (AC +2)
You regenerate health from kills.


Message History

Something hits you but does no damage. Something hits you.
* * * LOW HITPOINT WARNING * * *
You closely miss something.
You hear some strange, mumbled words.
A magic dart appears from out of thin air!
The magic dart hits you but does no damage.
Something hits you but does no damage.
You closely miss something. Something hits you but does no damage.
You hear some strange, mumbled words.
A puff of frost appears from out of thin air!
The puff of frost hits you. You resist.
* * * LOW HITPOINT WARNING * * *
You slash something!
An orc wizard appears from thin air!
Reactivating autopickup.
The orc wizard hits you but does no damage.
You slash the orc wizard!
You kill the orc wizard!
The orc priest invokes the aid of Beogh against you.
Beogh smites you!
You die...

#.............
##............
#...........# #...........#
#...........#
###################'####
#..oo.oo....# #.#
#)#####)###.# #.# #.#
#@#.#.# #.# #o#
#.#.#.#######.#
#...o.#.#...##......#
#############.######(####.#
#...........#.)......(..#.#
#.#####.###.#.###.#####)#.#
#.#...#.#.#.#.#.#.# #.#
#.###.#.#.#.#.#.#.# #.#
#.....#.#...#...#.# #.#


You could see an orc priest and an orc.

Vanquished Creatures
  2 orc wizards (D:3)
  3 adders
  A worm (D:2)
  A dart slug (D:1)
  A leopard gecko (D:2)
  3 orcs (D:3)
  2 giant cockroaches
  3 goblins
  2 hobgoblins
  3 quokkas
  A ball python (D:1)
  4 bats
  2 frilled lizards (D:2)
  5 kobolds
  3 rats
36 creatures vanquished.

Vanquished Creatures (others)
  6 plants (D:3)
6 creatures vanquished.

Grand Total: 42 creatures vanquished

Notes
Turn   | Place    | Note
-------+----------+-------------------------------------------
     0 | D:1      | Jerry the Demonspawn Fighter began the quest for the Orb.
     0 | D:1      | Reached XP level 1. HP: 18/18 MP: 1/1
   505 | D:1      | Gained mutation: You regenerate a little health from kills.
                  | [demonic ancestry]
   505 | D:1      | Reached XP level 2. HP: 24/24 MP: 2/2
   712 | D:2      | Gained mutation: You are partially covered in slimy green
                  | scales. (AC +2) [demonic ancestry]
   712 | D:2      | Reached XP level 3. HP: 29/29 MP: 3/3
  1573 | D:3      | Found a blossoming altar of Fedhas.
  1815 | D:3      | Gained mutation: You regenerate health from kills. [demonic
                  | ancestry]
  1815 | D:3      | Reached XP level 4. HP: 37/37 MP: 4/4
  1907 | D:3      | Killed from afar by an orc priest

Illustrated notes

Levels and vault maps discovered:
D:1:      wander_arrival_lonely_grave, layout_rooms
D:2:      layout_rooms
D:3:      mumra_celtic_spiral_tile, layout_basic, ebering_ghost_inner_flame,
          fedhas_ov_isle_minmay

Skill      XL: |  1  2 |
---------------+-------+-----
Long Blades    | 2 |  2.8
Armour         | 3 |  3.5
Fighting       | |  3.9
Shields        | |  2.6

Action                   |  1- 3 |  4- 6 || total
-------------------------+-------+-------++-------
Melee: Long sword        |    97 |    30 ||   127
  Use: Scroll            |     1 |       ||     1
       Potion            |       |     1 ||     1
Armor: Scale mail        |    53 |    23 ||    76
Dodge: Dodged            |    48 |     8 ||    56
       Rpst.: Long sword |     9 |       ||     9
